 Dungeon Crawl Stone Soup version 0.29.1-1-gd02db6906a (webtiles) character file.

Game seed: 1123201880273824203

1606 hikkokomori the Geomancer (level 8, -5/52 HPs)
             Began as a Gargoyle Earth Elementalist on Oct 4, 2022.
             Was an Initiate of Ru.
             Slain by a wight
             ... wielding a +2 battleaxe of freezing
              (7 damage)
             ... on level 5 of the Dungeon.
             The game lasted 00:18:19 (5753 turns).

hikkokomori the Geomancer (GrEE)                    Turns: 5753, Time: 00:18:19

Health: -5/52      AC: 18    Str: 15    XL:     8   Next: 94%
Magic:  9/11       EV:  9    Int: 17    God:    Ru [......]
Gold:   240        SH:  0    Dex: 10    Spells: 5/11 levels left

rFire   + . .      SeeInvis +   E - +3 sling of the Kissing Queen {flame, rElec rC+ Will- SInv}
rCold   + . .      Faith    .   (no shield)
rNeg    + + .      Spirit   .   F - +6 scale mail of the Lich-sworn {rF+ rN+ MP-9 Str+2}
rPois   ∞          Reflect  .   D - +0 helmet
rElec   +          Harm     .   (no cloak)
rCorr   .          Rampage  .   (no gloves)
Will    .....                   (no boots)
Stlth   ..........              (no amulet)
HPRegen 0.17/turn               y - ring of magical power
MPRegen 0.12/turn               (no ring)

@: no status effects
A: sickness immunity, AC +5, negative energy resistance 1, electricity
resistance, torment resistance 1, petrification resistance
a: Renounce Religion


You were on level 5 of the Dungeon.
You worshipped Ru.
Ru was noncommittal.
You visited 2 branches of the dungeon, and saw 7 of its levels.

You collected 240 gold pieces.

Inventory:

Hand Weapons
 f - a +0 club
 g - a +0 dagger
 n - a +0 trident
 A - the +6 quarterstaff of the First Places {vorpal, Dex+2}
   (You found it on level 5 of the Dungeon)

   It inflicts extra damage upon your enemies.
   Dex:       It affects your dexterity (+2).
 E - the +3 sling of the Kissing Queen (weapon) {flame, rElec rC+ Will- SInv}
   (You found it on level 4 of the Dungeon)

   Any ammunition fired from it burns those it strikes, dealing additional fire
   damage.
   rC:        It protects you from cold.
   rElec:     It insulates you from electricity.
   SInv:      It lets you see invisible.
   Will:      It decreases your willpower.
 I - a +2 whip of venom
 K - a +2 scimitar of flaming
Missiles
 c - 4 atropa-tipped darts
 h - 31 stones
 p - 8 poisoned darts
 w - 3 silver javelins
Armour
 a - a +0 robe
 D - a +0 helmet (worn)
 F - the +6 scale mail of the Lich-sworn (worn) {rF+ rN+ MP-9 Str+2}
   (You found it on level 4 of the Dungeon)

   Str:       It affects your strength (+2).
   rF:        It protects you from fire.
   rN:        It protects you from negative energy.
   MP:        It affects your magic capacity (-9).
 L - +0 steam dragon scales
Jewellery
 u - a ring of fire
 y - a ring of magical power (left hand)
Wands
 x - a wand of flame (31)
 z - a wand of quicksilver (7)
 B - a wand of digging (6)
 J - a wand of roots (3)
Scrolls
 d - a scroll of fear
 j - 5 scrolls of teleportation
 k - 2 scrolls of immolation
 o - 5 scrolls of butterflies
 v - a scroll of amnesia
 C - a scroll of acquirement
 G - a scroll of poison
Potions
 b - 2 potions of magic
 e - 3 potions of lignification
 i - 2 potions of mutation
 l - 2 potions of brilliance {unknown}
 m - a potion of cancellation {unknown}
 q - a potion of might {unknown}
 r - a potion of resistance {unknown}
 s - a potion of degeneration
 t - 2 potions of ambrosia
 H - a potion of haste {unknown}
 M - a potion of flight {unknown}


   Skills:
 + Level 6.6 Fighting
 + Level 4.1 Ranged Weapons
 - Level 1.7 Dodging
 - Level 2.4 Stealth
 - Level 2.1 Spellcasting
 + Level 4.5 Conjurations
 - Level 1.0 Transmutations
 + Level 8.4 Earth Magic


You had 5 spell levels left.
You knew the following spells:

 Your Spells              Type           Power      Damage    Failure   Level
a - Sandblast             Erth           60%        2d14      2%          1
b - Stone Arrow           Conj/Erth      46%        3d9       17%         3
c - Passwall              Tmut/Erth      14%        N/A       17%         2

Your spell library contained the following spells:

 Spells                   Type           Power      Damage    Failure   Level
 Static Discharge         Conj/Air       9%         3-5/arc   43%         2
 Petrify                  Tmut/Erth      17%        N/A       75%         4
 Sticky Flame             Conj/Fire      9%         2d3       97%         4
 Dispel Undead            Necr           1%         3d6       100%        4


Dungeon Overview and Level Annotations

Branches:
Dungeon (6/15)             Temple (1/1) D:5

Altars:
Cheibriados
Dithmenos
Gozag
Hepliaklqana
Kikubaaqudgha
Makhleb
Nemelex Xobeh
Okawaru
Qazlal
Ru
Sif Muna
Trog
Uskayaw
Yredelemnul
The Shining One


Innate Abilities, Weirdness & Mutations

You are immune to sickness and miasma.
Your stone body is resilient. (AC +5)
You are immune to poison.
You resist negative energy. (rN+)
You are resistant to electric shocks. (rElec)
You are resistant to unholy torment.
You are immune to petrification.


Message History

You feel stronger.
You start resting.
Magic restored.
You start resting.
HP restored.
You climb downwards.
The wight hits you with a +6 battleaxe. The wight hits you but does no damage.
There is a stone staircase leading up here.
The wight hits you from afar with a +0 spear.
The wight hits you but does no damage. The wight closely misses you.
You climb upwards.
There is a stone staircase leading down here.
Casting: Sandblast (safe; 2% risk of failure)
Confirm with . or Enter, or press ? or * to list all spells.
Aiming: Sandblast (safe; 2% risk of failure)
Press: ? - help, Shift-Dir - straight line, f - wight
Aim: a wight, wielding a +6 battleaxe and wearing a +0 robe (84% to hit)
The blast of sand hits the wight.
The wight is heavily damaged.
The wight hits you with a +6 battleaxe.
The wight hits you with a +2 battleaxe of freezing.
The wight freezes you. The wight hits you with a +6 battleaxe!
The wight hits you with a +2 battleaxe of freezing!
* * * LOW HITPOINT WARNING * * *
The wight freezes you.
* * * LOW HITPOINT WARNING * * *
Casting: Sandblast (safe; 2% risk of failure)
Confirm with . or Enter, or press ? or * to list all spells.
You don't know that spell.
Casting: Sandblast (safe; 2% risk of failure)
Confirm with . or Enter, or press ? or * to list all spells.
Aiming: Sandblast (safe; 2% risk of failure)
Press: ? - help, Shift-Dir - straight line, f/p - wight
Aim: a wight, wielding a +6 battleaxe and wearing a +0 robe (heavily damaged, 84% to hit)
The blast of sand hits the wight but does no damage.
The wight is heavily damaged.
The wight hits you with a +6 battleaxe!
* * * LOW HITPOINT WARNING * * *
The wight hits you with a +2 battleaxe of freezing!
You die...

#...### ###...# ###.#
####### #.# #### #.....#
#.###### #... #.....#
#......# #.## #.....#
#......# #.##
#.....######......# #.##
#### #........z@#......#
#.## .>.#
#......###z#......# #.##
##.# #......# #.#......#
#.## ##.## ##.#.#.#
#.#......# #.##
....####.#.#.###...######
#.## ##.......#.#.#...#.#
#.## ##.######.#.#.#.###
#.## #........#.#.....#
#.## #..#######.#...#.#
#.##


You could see 2 wights.

Vanquished Creatures
  Pikel (D:6)
  Maggie (D:6)
  Eustachio (D:4)
  A black bear (D:4)
  2 ogres
  3 scorpions
  A howler monkey (D:5)
  A crimson imp (D:5)
  A jelly (D:5)
  An orc priest (D:5)
  An iguana (D:6)
  A gnoll (D:4)
  4 adders
  A white imp (D:5)
  4 worms
  2 dart slugs
  6 orcs
  8 endoplasms
  3 giant cockroaches
  7 hobgoblins
  2 jackals (D:3)
  5 kobolds
  6 quokkas
  5 ball pythons
  2 bats
  4 frilled lizards
  5 goblins
  5 rats
84 creatures vanquished.

Notes
Turn   | Place    | Note
-------+----------+-------------------------------------------
     0 | D:1      | hikkokomori the Gargoyle Earth Elementalist began the quest
                  | for the Orb.
     0 | D:1      | Reached XP level 1. HP: 10/10 MP: 3/3
   188 | D:1      | Reached skill level 1 in Transmutations
   188 | D:1      | Reached XP level 2. HP: 15/15 MP: 3/5
   318 | D:1      | Reached skill level 4 in Earth Magic
   348 | D:1      | Reached skill level 1 in Fighting
   411 | D:1      | Reached XP level 3. HP: 20/20 MP: 4/6
   914 | D:2      | Reached XP level 4. HP: 26/26 MP: 3/7
  1973 | D:3      | Found a faded altar of an unknown god.
  2396 | D:3      | Reached skill level 5 in Earth Magic
  2735 | D:4      | Identified the +6 scale mail of the Lich-sworn {rF+ rN+
                  | MP-9 Str+2}
  2847 | D:4      | Found a hazy altar of Hepliaklqana.
  2948 | D:4      | Noticed Eustachio
  3006 | D:4      | Learned a level 3 spell: Stone Arrow
  3009 | D:4      | Learned a level 2 spell: Passwall
  3160 | D:4      | Identified the +3 sling of the Kissing Queen {flame, rElec
                  | rC+ Will- SInv}
  3364 | D:4      | Killed Eustachio
  3365 | D:4      | Reached skill level 6 in Earth Magic
  3365 | D:4      | Reached XP level 5. HP: 28/33 MP: 8/8
  3365 | D:4      | Reached XP level 6. HP: 33/38 MP: 9/9
  3588 | D:4      | Noticed a black bear
  3591 | D:4      | Killed a black bear
  3592 | D:4      | Reached skill level 1 in Conjurations
  3592 | D:4      | Reached XP level 7. HP: 39/44 MP: 6/10
  3895 | D:5      | Entered Level 5 of the Dungeon
  3901 | D:5      | Identified a scroll of acquirement
  4100 | D:5      | Reached skill level 1 in Ranged Weapons
  4323 | D:5      | Found a staircase to the Ecumenical Temple.
  4505 | Temple   | Entered the Ecumenical Temple
  4614 | Temple   | Became a worshipper of Ru the Awakened
  4659 | D:5      | Identified the +6 quarterstaff of the First Places {vorpal,
                  | Dex+2}
  4712 | D:5      | Reached skill level 5 in Fighting
  4974 | D:5      | Reached skill level 7 in Earth Magic
  5378 | D:6      | Noticed Pikel
  5389 | D:6      | Killed Pikel
  5390 | D:6      | Reached XP level 8. HP: 44/51 MP: 4/11
  5393 | D:6      | Noticed Maggie
  5408 | D:6      | Reached skill level 8 in Earth Magic
  5497 | D:6      | Killed Maggie
  5753 | D:5      | HP: 2/52 [wight/+6 battleaxe (9)]
  5753 | D:5      | Slain by a wight

Illustrated notes

Levels and vault maps discovered:
D:1:      lightli_arrival_flooded_house, layout_rooms,
          hangedman_decor_peaks_small
D:2:      layout_loops_ring
D:3:      layout_loops_corners, shapermc_ecumenical_altar_flowoftime,
          minmay_crystal_room
D:4:      layout_loops_cross, lemuel_doored_altar, skrybe_limestone_x,
          kennysheep_cross_room, minmay_pentangle, uniq_eustachio
D:5:      layout_basic, minmay_temple_entry_statues,
          cheibrodos_sewer_entry_bend, minmay_fire_ice_demons
D:6:      layout_cave_pools, ebering_ghost_disaster_area, serial_shops,
          kennysheep_mini, uniq_pikel, uniq_maggie
Temple:   jpeg_temple_clearing

Skill      XL: |  1  2  3  4  5  6  7  8 |
---------------+-------------------------+-----
Transmutations | 1 |  1.0
Earth Magic    | 4 6 7 8 |  8.4
Fighting       | 1 2 4 6 |  6.6
Conjurations   | 1 3 4 |  4.5
Ranged Weapons | 3 4 |  4.1
Dodging        | |  1.7
Stealth        | |  2.4
Spellcasting   | |  2.1

Action                   |  1- 3 |  4- 6 |  7- 9 || total
-------------------------+-------+-------+-------++-------
Melee: Unarmed           |     4 |       |       ||     4
       Dagger            |     3 |       |       ||     3
       Trident           |    23 |    72 |       ||    95
 Fire: Sling             |       |       |    30 ||    30
 Cast: Sandblast         |    32 |    33 |    46 ||   111
Evoke: Wand              |       |       |     1 ||     1
  Use: Scroll            |       |     8 |     5 ||    13
 Stab: Sleeping          |       |    10 |       ||    10
Armor: Robe              |    11 |    29 |       ||    40
       Scale mail        |       |    18 |    39 ||    57
Dodge: Dodged            |    22 |    61 |    34 ||   117
